 Dungeon Crawl Stone Soup version 0.14-a0-1739-g6c2808e (webtiles) character file.

597 Mitsuki the Changer (level 7, -9/48 HPs)
             Began as a Merfolk Transmuter on Jan 3, 2014.
             Mangled by braverobin's ghost (11 damage)
             ... on Level 3 of the Dungeon.
             The game lasted 00:23:31 (5638 turns).

Mitsuki the Changer (Merfolk Transmuter)            Turns: 5638, Time: 00:23:31

HP  -9/48        AC  2     Str 14      XL: 7   Next: 11%
MP   9/12        EV 21     Int 14      God:
Gold 119         SH  0     Dex 20      Spells:  2 memorised,  6 levels left

rFire  . . .     SeeInvis .       - Unarmed
rCold  . . .     Clarity  .     c - melded +0 robe
rNeg   . . .     Conserve .     (shield currently unavailable)
rPois  x         rCorr    .     (helmet currently unavailable)
rElec  .         rRot     .     (cloak currently unavailable)
SustAb . .       Spirit   .     (gloves currently unavailable)
rMut   .         Warding  .     (boots currently unavailable)
Saprov . . .     Stasis   .     (no amulet)
                                (no ring)
                                k - +4 ring of strength

@: spider-form, quick, slightly resistant to hostile enchantments, fairly
stealthy
A: (change form in water), (swift swim)
a: End Transformation


You were on level 3 of the Dungeon.
You were very hungry.
You were in spider-form.
You visited 1 branch of the dungeon, and saw 3 of its levels.
You also visited: Sewer.

You collected 119 gold pieces.

Inventory:

Missiles
 b - 12 arrows
Armour
 c - a +0 robe (melded)
Scrolls
 g - a scroll of identify
 h - a scroll of enchant armour {unknown}
 i - a scroll of curse jewellery {unknown}
 j - 2 scrolls of remove curse {unknown}
 m - a scroll of enchant weapon I {unknown}
 o - a scroll of noise {unknown}
 p - a scroll of magic mapping {unknown}
 u - 2 scrolls of fear {unknown}
 v - 3 scrolls of teleportation
Jewellery
 k - a +4 ring of strength (left front leg)
Potions
 e - a potion of cure mutation
 q - a potion of might {unknown}
 r - 2 potions of curing
 s - 5 potions of magic {unknown}
 t - a potion of brilliance
 w - a potion of heal wounds
Books
 d - a book of Changes

   Spells                             Type                      Level
   *Beastly Appendage                 Transmutation                1
   Sticks to Snakes                   Transmutation                2
   *Spider Form                       Transmutation/Poison         3
   Ice Form                           Ice/Transmutation            4
   Blade Hands                        Transmutation                5
 f - a book of Flames

   Spells                             Type                      Level
   Flame Tongue                       Conjuration/Fire             1
   Throw Flame                        Conjuration/Fire             2
   Conjure Flame                      Conjuration/Fire             3
   Inner Flame                        Hexes/Fire                   3
   Sticky Flame                       Conjuration/Fire             4
   Fireball                           Conjuration/Fire             5


   Skills:
 - Level 1.1 Fighting
 - Level 3.1 Dodging
 + Level 6.3 Unarmed Combat
 - Level 2.0 Spellcasting
 - Level 7.1 Transmutations
 - Level 0.2 Poison Magic


You had 6 spell levels left.
You knew the following spells:

 Your Spells              Type           Power        Failure   Level  Hunger
a - Beastly Appendage     Trmt           ###...       6%          1    ##.....
b - Spider Form           Trmt/Pois      ##........   36%         3    ####...


Dungeon Overview and Level Annotations

Branches:
Dungeon (3/16)

Altars:

Annotations:
D:3 braverobin's ghost, average GrFi


Message History

Confirm with . or Enter, or press ? or * to list all spells.
You turn into a venomous arachnid creature.
Your +0 robe melds into your body.
Braverobin's ghost barely misses you.
You hit braverobin's ghost but do no damage.
Braverobin's ghost is almost destroyed.
Braverobin's ghost misses you.
You hit braverobin's ghost but do no damage.
Braverobin's ghost is almost destroyed.
Braverobin's ghost hits you!
* * * LOW HITPOINT WARNING * * *
You hit braverobin's ghost but do no damage.
Braverobin's ghost is almost destroyed.
Braverobin's ghost hits you!
* * * LOW HITPOINT WARNING * * *
You hit braverobin's ghost.
Braverobin's ghost is almost destroyed.
You hit braverobin's ghost but do no damage.
Braverobin's ghost is almost destroyed.
Braverobin's ghost hits you!
You die...

.........(....# #.# #
..###################.# #
..####.....%≈≈≈≈≈≈.≈#.# #
...........##########.###########
.######.####<# #.#...............
.# #.# #.# #..###.###########
.######.# #.# #.# ##.# ........#
#.# #p# #.# .###########.# #s##
##.# .............# #..###.##
############## #......# ######
#..##..######....%
#..##.........####
##..##.############
###########...##............. ##
#...........#.##############. .#
#.#########........# #.


You could see braverobin's ghost.

Vanquished Creatures
  Purgy (D:3)
  2 big kobolds (Sewer)
  A big fish (D:3)
  4 green rats (Sewer)
  4 gnolls (D:2)
  5 adders
  3 worms
  2 grey rats (Sewer)
  A giant gecko (D:1)
  5 oozes
  3 ball pythons
  4 bats
  4 giant cockroaches
  12 goblins
  2 hobgoblins
  7 jackals
  10 kobolds
  A quokka (D:3)
  6 giant newts
  11 rats
88 creatures vanquished.

Notes
Turn   | Place    | Note
--------------------------------------------------------------
     0 | D:1      | Mitsuki, the Merfolk Transmuter, began the quest for the Orb.
     0 | D:1      | Reached XP level 1. HP: 15/15 MP: 3/3
   338 | D:1      | Reached XP level 2. HP: 18/21 MP: 2/4
   723 | D:1      | Reached skill level 4 in Transmutations
  1069 | D:1      | Reached XP level 3. HP: 19/26 MP: 4/6
  1554 | D:1      | Reached skill level 5 in Transmutations
  1957 | D:2      | Learned a level 3 spell: Spider Form
  2017 | D:2      | Reached XP level 4. HP: 20/32 MP: 1/7
  2228 | D:2      | Reached skill level 6 in Transmutations
  2569 | D:2      | Reached XP level 5. HP: 37/37 MP: 2/9
  2900 | D:3      | Noticed braverobin's ghost (average GrFi)
  3308 | D:3      | Noticed Purgy
  3412 | D:3      | Found a glowing drain.
  3626 | D:3      | Reached skill level 7 in Transmutations
  3636 | Sewer    | Entered a sewer
  4563 | Sewer    | Reached XP level 6. HP: 13/43 MP: 10/10
  5157 | Sewer    | Reached skill level 5 in Unarmed Combat
  5448 | D:3      | Killed Purgy
  5448 | D:3      | Reached XP level 7. HP: 40/48 MP: 3/12
  5636 | D:3      | HP: 2/48 [braverobin's ghost (9)]
  5638 | D:3      | Mangled by braverobin's ghost

Action                   |  1- 3 |  4- 6 |  7- 9 || total
-------------------------+-------+-------+-------++-------
Melee: Unarmed           |   163 |   243 |    31 ||   437
 Cast: Beastly Appendage |    24 |       |       ||    24
       Spider Form       |     1 |    26 |     3 ||    30
  Use: Scroll            |     1 |     3 |       ||     4
       Potion            |     3 |     5 |       ||     8
 Stab: Sleeping          |     2 |       |       ||     2
